 Dungeon Crawl Stone Soup version 0.30-a0-1160-g6e42c06551 (webtiles) character file.

Game seed: 11561927341075192413

37 Adrian566 the Sneak (level 3, -2/24 HPs)
             Began as an Octopode Brigand on Apr 27, 2023.
             Slain by Grinder (8 damage)
             ... on level 3 of the Dungeon.
             The game lasted 00:01:10 (1226 turns).

Adrian566 the Sneak (Octopode Brigand)              Turns: 1226, Time: 00:01:11

Health: -2/24      AC:  1    Str: 10    XL:     3   Next: 41%
Magic:  3/3        EV: 12    Int: 13    God:
Gold:   69         SH:  0    Dex: 15    Spells: 2/2 levels left

rFire   . . .        a - +2 dagger (heavy)
rCold   . . .        (no shield)
rNeg    . . .        (helmet restricted)
rPois   .            (no amulet)
rElec   .            (no ring)
rCorr   .            (no ring)
SInv    .            (no ring)
Will    .....        (no ring)
Stlth   ++++         (no ring)
HPRegen 0.24/turn    (no ring)
MPRegen 0.08/turn    (no ring)
                     (no ring)

%: no passive effects
@: no status effects
A: almost no armour, amphibious, 8 rings, camouflage 1, gelatinous body 1,
(nimble swimmer 1), tentacles
a: no special abilities


You were on level 3 of the Dungeon.
You visited 1 branch of the dungeon, and saw 3 of its levels.

You collected 69 gold pieces.

Inventory:

Hand Weapons
 a - a +2 heavy dagger (weapon)
Missiles
 b - 9 poisoned darts (quivered)
 c - 3 curare-tipped darts
Jewellery
 h - an amulet of reflection
Potions
 d - a potion of degeneration {unknown}
 e - 5 potions of curing
 g - a potion of heal wounds
 j - a potion of flight


   Skills:
 + Level 2.0 Fighting
 + Level 2.1 Short Blades
 + Level 2.1 Throwing
 + Level 1.0 Dodging
 * Level 6.8 Stealth


You had 2 spell levels left.
You didn't know any spells.
Your spell library contained the following spells:

 Spells                   Type           Power      Damage    Failure   Level
 Necrotise                Necr           0%         1d4       30%         1
 Vampiric Draining        Necr           0%         2d6       67%         3
 Agony                    Necr           0%         N/A       100%        5


Dungeon Overview and Level Annotations

Branches:
Dungeon (3/15)

Altars:
Uskayaw

Annotations:
D:3 Grinder


Innate Abilities, Weirdness & Mutations

You cannot wear most types of armour.
You are amphibious.
You can wear up to eight rings at the same time.
Your skin changes colour to match your surroundings (Stealth+).
Your rubbery body absorbs attacks. (AC +1, EV +1)
((You are camouflaged when in or above water. (Stealth+)))
You have tentacles for arms and can constrict up to eight enemies at once.


Message History

The helpless quokka fails to defend itself.
You impale the quokka!!
You kill the quokka!
No target in view!
No target in view!
No target in view!
No target in view!
No target in view!
No target in view!
There is a stone staircase leading up here.
d - an emerald potion A bat comes into view.
The helpless bat fails to defend itself.
You impale the bat!!
You kill the bat!
No target in view!
No target in view!
No target in view!
No target in view!
No target in view!
No target in view!
No target in view!
No target in view!
No target in view!
Grinder comes into view.
You see here a bat corpse.
Grinder is nearby!
Grinder is nearby!
Grinder hits you.
You writhe in agony.
You hit Grinder. You grab Grinder. You squeeze Grinder.
Grinder is moderately wounded.
You constrict Grinder. Grinder hits you.
You writhe in agony.
You hit Grinder but do no damage. You squeeze Grinder, but do no damage.
Grinder is moderately wounded.
You constrict Grinder. Grinder gestures at you. Pain shoots through your body!
* * * LOW HITPOINT WARNING * * *
Grinder hits you!
You die...

#..# #..#
##..# #...
#... #..#
#.5# #.@# #
#..#####.#.##
#..†.......^#
#.###.##.#..
#. #.# #. #.#
..
#.###.####.#
#..........##
#####<.......


You could see Grinder.

Vanquished Creatures
  A worm (D:2)
  2 dart slugs
  8 bats
  4 endoplasms
  A goblin (D:1)
  2 hobgoblins
  2 quokkas
  3 ball pythons (D:1)
  7 frilled lizards
  A rat (D:2)
31 creatures vanquished.

Notes
Turn   | Place    | Note
-------+----------+-------------------------------------------
     0 | D:1      | Adrian566 the Octopode Brigand began the quest for the Orb.
     0 | D:1      | Reached XP level 1. HP: 14/14 MP: 1/1
   153 | D:1      | Reached XP level 2. HP: 19/19 MP: 2/2
   219 | D:1      | Reached skill level 6 in Stealth
   293 | D:1      | Found a faded altar of an unknown god.
   824 | D:2      | Reached XP level 3. HP: 23/24 MP: 3/3
  1038 | D:2      | Found a hide-covered altar of Uskayaw.
  1222 | D:3      | Noticed Grinder
  1226 | D:3      | Slain by Grinder

Illustrated notes

Levels and vault maps discovered:
D:1:      dpeg_arrival_tiny_j, layout_basic,
          shapermc_ecumenical_altar_starsandcircs, nicolae_hexahallways,
          chequers_decorated_corner, hangedman_decor_points
D:2:      layout_rooms, basic_altar, minmay_tetromino_i2
D:3:      layout_loops_ring, kiku_gazebo_garden_becter, uniq_grinder

Skill      XL: |  1  2 |
---------------+-------+-----
Stealth        | 6 |  6.8
Fighting       | |  2.0
Short Blades   | |  2.1
Throwing       | |  2.1
Dodging        | |  1.0

Action                     || total
---------------------------++-------
  Melee: Dagger            ||    43
         Constrict         ||     5
         Tentacles         ||    10
         Punch             ||     1
    Use: Scroll            ||     6
   Stab: Sleeping          ||    15
 Armour: Skin              ||    13
  Dodge: Dodged            ||    19

Table legend: (Time is in decaauts)
 A = Elapsed time spent in this place.
 B = Non-inter-level travel time spent in this place.
 C = Inter-level travel time spent in this place.
 D = Time resting spent in this place.
 E = Time spent auto-exploring this place.
 F = Levels seen in this place.
 G = Mean time per level.
                   A        B        C        D        E       F      G
               +--------+--------+--------+--------+--------+-----+--------+
         Total |   1228 |   1173 |     55 |      0 |    981 |   3 |  409.3 |
       Dungeon |   1228 |   1173 |     55 |      0 |    981 |   3 |  409.3 |
               +--------+--------+--------+--------+--------+-----+--------+

Top non-repeatable levels by time:
     D:1: 715 daAuts
     D:2: 486 daAuts
     D:3: 26 daAuts
